 Dungeon Crawl Stone Soup version 0.13-a0-2382-gbc6a47d (webtiles) character file.

246 Duskembrace the Charmwright (level 4, -3/31 HPs)
             Began as a Human Wanderer on July 14, 2013.
             Killed from afar by Sigmund (9 damage)
             ... with a magic dart
             ... on Level 3 of the Dungeon.
             The game lasted 00:08:18 (2662 turns).

Duskembrace the Charmwright (Human Wanderer)        Turns: 2662, Time: 00:08:18

HP  -3/31        AC  5     Str 13      XL: 4   Next: 50%
MP   6/6         EV  9     Int 11      God:
Gold 174         SH  0     Dex 14      Spells:  0 memorised,  5 levels left

Res.Fire  : + . .   See Invis. : .   k - +0 orc flail
Res.Cold  : + . .   Warding    : .   b - +0 ring mail
Life Prot.: . . .   Conserve   : .   (no shield)
Res.Poison: +       Res.Corr.  : .   (no helmet)
Res.Elec. : +       Clarity    : .   (no cloak)
Sust.Abil.: . .     Spirit.Shd : .   (no gloves)
Res.Mut.  : .       Stasis     : .   (no boots)
Res.Rott. : .       Flight     : .   (no amulet)
Saprovore : . . .                    (no ring)
                                     (no ring)

@: slightly resistant to hostile enchantments, very unstealthy
A: no striking features
a: no special abilities


You were on level 3 of the Dungeon.
You were not hungry.

You visited 1 branch of the dungeon, and saw 3 of its levels.

You collected 124 gold pieces.

Inventory:

Hand weapons
 c - a +0,+0 dagger (quivered)
 h - a +0,+1 orcish club
 k - a +0,+0 orcish flail (weapon)
Missiles
 q - 8 poisoned needles
 t - a dart
 w - 7 exploding darts
Armour
 b - a +0 ring mail (worn)
Comestibles
 d - 2 bread rations
Scrolls
 e - a scroll of fear {unknown}
 f - 2 scrolls of amnesia {unknown}
 g - 2 scrolls of magic mapping {unknown}
 j - 2 scrolls of curse jewellery {unknown}
 l - a scroll of enchant weapon II {unknown}
 m - a scroll of curse weapon {unknown}
 n - a scroll of enchant weapon I {unknown}
 v - a scroll of identify {unknown}
 y - a scroll of blinking {unknown}
Potions
 i - 2 potions of resistance
 o - a potion of restore abilities {unknown}
 p - a potion of heal wounds {unknown}
 s - a potion of might {unknown}
 u - a potion of curing
Books
 a - a book of War Chants

   Spells                             Type                      Level
   Fire Brand                         Charms/Fire                  2
   Freezing Aura                      Charms/Ice                   2
   Shroud of Golubria                 Charms/Translocation         2
   Repel Missiles                     Charms/Air                   2
   Poison Weapon                      Charms/Poison                3
   Regeneration                       Charms/Necromancy            3


   Skills:
 + Level 1.4 Fighting
 + Level 1.4 Maces & Flails
 + Level 2.4 Armour
 + Level 1.6 Dodging
 + Level 1.5 Traps
 + Level 1.3 Spellcasting
   Level 3.0 Charms
   Level 1.0 Ice Magic
   Level 1.0 Invocations


You had 5 spell levels left.
You didn't know any spells.

Dungeon Overview and Level Annotations

Branches:
Dungeon (3/27)

Altars:

Annotations
D:3 Sigmund


Message History

Sigmund casts a spell.
Sigmund is suddenly surrounded by pale blue light.
Sigmund barely misses you.
Drink which item? (? for menu, Esc to quit)
You feel better.
Drink which item? (? for menu, Esc to quit)
You feel protected.
It was a potion of resistance.
Sigmund points at you and mumbles some strange words.
The magic dart hits you!
* * * LOW HITPOINT WARNING * * *
You completely miss Sigmund.
Sigmund is lightly wounded.
Sigmund casts a spell.
Sigmund flickers and vanishes!
Deactivating autopickup; reactivate with Ctrl-A.
You miss it.
You hear some strange, mumbled words.
The magic dart hits you!
You die...

############
#..........#
#..........#
#..........+
#...?......#
#.....{....#
#...{......#
###'########
#.@.#
###.###
#...#
#######'##
#.....>..#
#........#
#........#
#........+
#........#


There were no monsters in sight!

Vanquished Creatures
  4 adders
  A giant gecko (D:1)
  An orc (D:3)
  A ball python (D:2)
  2 bats
  3 giant cockroaches (D:1)
  2 goblins
  4 hobgoblins
  A quokka (D:2)
  4 giant newts
  4 jackals (D:1)
  6 kobolds
  5 rats
38 creatures vanquished.

Notes
Turn   | Place    | Note
--------------------------------------------------------------
     0 | D:1      | Duskembrace, the Human Wanderer, began the quest for the Orb.
     0 | D:1      | Reached XP level 1. HP: 14/14 MP: 2/2
   170 | D:1      | Reached XP level 2. HP: 20/20 MP: 3/3
   834 | D:1      | Reached XP level 3. HP: 18/25 MP: 5/5
  1129 | D:2      | Reached skill level 1 in Dodging
  2072 | D:2      | Reached XP level 4. HP: 17/31 MP: 6/6
  2634 | D:3      | Noticed Sigmund
  2662 | D:3      | Killed from afar by Sigmund

Action                   |  1- 3 |  4- 6 || total
-------------------------+-------+-------++-------
Melee: Dagger            |    88 |       ||    88
       Club              |   105 |     5 ||   110
       Flail             |       |    30 ||    30
  Use: Potion            |       |     6 ||     6
